 Dungeon Crawl Stone Soup version 0.16.2-12-gd0ad4c3 (webtiles) character file.

70 dearth the Charmwright (level 4, -4/29 HPs)
             Began as a High Elf Skald on Sept 27, 2015.
             Slain by a gnoll
             ... wielding a +0 whip
              (5 damage)
             ... on level 2 of the Dungeon.
             The game lasted 00:05:15 (2729 turns).

dearth the Charmwright (High Elf Skald)             Turns: 2729, Time: 00:05:16

Health: -4/29      AC:  3    Str: 12    XL:     4   Next: 4%
Magic:  2/12       EV: 12    Int: 15    God:
Gold:   78         SH:  0    Dex: 15    Spells: 3 memorised, 4 levels left

rFire  . . .     SeeInvis .     a - +0 falchion
rCold  . . .     Clarity  .     b - +0 leather armour
rNeg   . . .     SustAb   .     (no shield)
rPois  +         Gourm    .     (no helmet)
rElec  .         Spirit   .     (no cloak)
rCorr  .         Warding  .     (no gloves)
rMut   +         Stasis   .     (no boots)
MR     .....                    g - amulet of resist mutation
Stlth  +.........               (no ring)
                                j - ring of poison resistance

@: infused, not resistant to hostile enchantments, very unstealthy
A: no striking features
a: no special abilities


You were on level 2 of the Dungeon.
You were not hungry.

You visited 1 branch of the dungeon, and saw 2 of its levels.

You collected 78 gold pieces.

Inventory:

Hand weapons
 a - a +0 falchion (weapon)
Armour
 b - a +0 leather armour (worn)
Jewellery
 g - an amulet of resist mutation (around neck)
 j - a ring of poison resistance (left hand)
Scrolls
 e - 2 scrolls of remove curse {unknown}
 h - 5 scrolls of identify {unknown}
 i - a scroll of fog {unknown}
Potions
 f - a potion of lignification {unknown}
Books
 c - a book of Battle

   Spells                             Type                      Level
   a - Infusion                       Charms                       1
   b - Shroud of Golubria             Charms/Translocation         2
   c - Song of Slaying                Charms                       2
   d - Spectral Weapon                Hexes/Charms                 3
   e - Regeneration                   Charms/Necromancy            3
Comestibles
 d - 2 bread rations


   Skills:
 + Level 2.2 Fighting
 * Level 3.0 Long Blades
 + Level 1.3 Armour
 + Level 2.0 Dodging
 + Level 3.0 Spellcasting
 + Level 4.4 Charms


You had 4 spell levels left.
You knew the following spells:

 Your Spells              Type           Power        Failure   Level  Hunger
a - Infusion              Chrm           ###...       4%          1    #......
b - Song of Slaying       Chrm           ###.....     8%          2    ##.....
c - Shroud of Golubria    Chrm/Tloc      #.........   21%         2    ##.....


Dungeon Overview and Level Annotations

Branches:
Dungeon (2/15)

Altars:


Message History

The gnoll hits you.
* * * LOW HITPOINT WARNING * * *
You hit the gnoll.
The gnoll is almost dead.
The gnoll closely misses you.
You barely miss the gnoll.
The gnoll is almost dead.
The gnoll hits you but does no damage.
You hit the gnoll.
You kill the gnoll!
Your Long Blades skill increases to level 3!
Your Spellcasting skill increases to level 3!
You have reached level 4!
You barely miss the gnoll. The gnoll closely misses you.
The gnoll barely misses you.
You barely miss the gnoll. The gnoll misses you. The gnoll barely misses you.
The gnoll hits you with a whip.
* * * LOW HITPOINT WARNING * * *
You closely miss the gnoll. The gnoll hits you with a whip.
You die...

#.#...#...[......g.s.#
#................##.<#
###...#.......##.##..##
##.###..............#
#.# ##...#.##.##...#
#.# ##.##.##.##...# #.#
#.##.........#
#.#####.##.##.##...#
#..@gg.....##.###.##
#######.#.........#
#.#.........##
#.#####.###.#. #.# # #
#.'. #.. ###. ### ##


You could see 2 gnolls.

Vanquished Creatures
  A gnoll (D:2)
  An adder (D:2)
  A worm (D:2)
  2 giant cockroaches
  6 hobgoblins
  A ball python (D:1)
  6 bats (D:2)
  2 giant geckos (D:2)
  2 giant newts
  7 goblins
  5 kobolds
  12 rats
46 creatures vanquished.

Notes
Turn   | Place    | Note
--------------------------------------------------------------
     0 | D:1      | dearth, the High Elf Skald, began the quest for the Orb.
     0 | D:1      | Reached XP level 1. HP: 14/14 MP: 4/4
    50 | D:1      | Reached skill level 1 in Armour
   257 | D:1      | Reached XP level 2. HP: 4/19 MP: 6/6
   488 | D:1      | Reached skill level 4 in Charms
   680 | D:1      | Learned a level 2 spell: Song of Slaying
   683 | D:1      | Learned a level 2 spell: Shroud of Golubria
  1556 | D:2      | Reached XP level 3. HP: 12/24 MP: 8/8
  1910 | D:2      | Noticed an orc warrior
  2726 | D:2      | Reached XP level 4. HP: 4/29 MP: 2/12
  2728 | D:2      | HP: 1/29 [gnoll/whip (4)]
  2729 | D:2      | Slain by a gnoll

Action                   |  1- 3 |  4- 6 || total
-------------------------+-------+-------++-------
Melee: Falchion          |   188 |     3 ||   191
 Cast: Infusion          |     2 |       ||     2
       Shroud of Golubri |     1 |       ||     1
  Eat: Meat ration       |     1 |       ||     1
       Chunk             |     1 |       ||     1
